 Dungeon Crawl Stone Soup version 0.30-a0-777-ga9a30cbeda (webtiles) character file.

Game seed: 6934539677464762801

69 sircluck the Chopper (level 4, -2/41 HPs)
             Began as a Hill Orc Chaos Knight on Feb 13, 2023.
             Was a Plaything of Xom.
             Slain by Natasha (3 damage)
             ... on level 2 of the Dungeon.
             The game lasted 00:03:34 (1459 turns).

sircluck the Chopper (Hill Orc Chaos Knight)        Turns: 1459, Time: 00:03:34

Health: -2/41      AC:  5    Str: 16    XL:     4   Next: 20%
Magic:  4/4        EV: 11    Int: 12    God:    Xom [..*...]
Gold:   52         SH:  0    Dex: 10    Spells: 3/3 levels left

rFire   . . .      SeeInvis .    a - +0 hand axe (chaos)
rCold   . . .      Faith    .    (no shield)
rNeg    . . .      Spirit   .    b - +2 leather armour
rPois   .          Reflect  .    (no helmet)
rElec   .          Harm     .    (no cloak)
rCorr   .          Rampage  .    (no gloves)
Will    .....                    (no boots)
Stlth   +                        (no amulet)
HPRegen 0.26/turn                (no ring)
MPRegen 0.09/turn                (no ring)

@: no status effects
A: no striking features
a: Renounce Religion


You were on level 2 of the Dungeon.
You worshipped Xom.
You were a toy of Xom.
You visited 1 branch of the dungeon, and saw 2 of its levels.

You collected 52 gold pieces.

Inventory:

Hand Weapons
 a - a +0 hand axe of chaos (weapon)
Missiles
 d - 24 stones
 n - 2 boomerangs
Armour
 b - a +2 leather armour (worn)
Scrolls
 h - a scroll of blinking {unknown}
 j - a scroll of magic mapping {unknown}
 k - a scroll of amnesia {unknown}
 l - a scroll of summoning {unknown}
 o - a scroll of teleportation {unknown}
 p - a scroll of identify {unknown}
Potions
 e - 2 potions of magic {unknown}
 f - 2 potions of lignification {unknown}
 g - a potion of ambrosia {unknown}
 i - a potion of berserk rage {unknown}
 m - a potion of flight {unknown}
Miscellaneous
 c - a piece from Xom's chessboard (15/15) (quivered)


   Skills:
 + Level 4.3 Fighting
 + Level 5.1 Axes
 + Level 2.9 Armour
 + Level 1.1 Dodging
 + Level 0.4 Stealth


You had 3 spell levels left.
You didn't know any spells.
Your spell library was empty.

Dungeon Overview and Level Annotations

Branches:
Dungeon (2/15)

Altars:
Yredelemnul

Shops:
D:1 [

Annotations:
D:2 Natasha


Message History

The iron imp looks rather confused.
The crimson imp looks rather confused.
Natasha looks rather confused.
The rat barely misses you.
Natasha claws the iron imp!
The iron imp misses you.
Xom thinks this is hilarious!
The crimson imp hits itself.
You hit Natasha. You freeze Natasha.
Natasha is moderately wounded.
You hit the iron imp.
The iron imp goes berserk!
Xom thinks this is hilarious!
You hit the rat.
You kill the rat!
The iron imp seems less confused.
Natasha closely misses you. The iron imp hits you.
You catch the helpless Natasha completely off-guard!
You hit Natasha.
Natasha is severely wounded.
You hit the iron imp. The iron imp barely misses you.
Natasha seems less confused.
The iron imp hits you! Natasha claws you. The crimson imp barely misses you.
The iron imp misses you. "Boo!"
You hear a shout! x2; You hear an angry hiss.
You hear a shout!
Natasha claws you!
* * * LOW HITPOINT WARNING * * *
The iron imp hits you!
* * * LOW HITPOINT WARNING * * *
The crimson imp hits itself but does no damage.
You hit Natasha but do no damage.
Natasha is severely wounded.
You hit the iron imp.
You kill the iron imp!
The iron imp disappears in a puff of smoke!
Natasha barely misses you.
You closely miss Natasha.
Natasha is severely wounded.
The crimson imp seems less confused.
Natasha wildly gestures.
Natasha glows brightly for a moment.
Natasha claws you.
You die...
Xom roars with laughter!

..# #.#######.#########
.................#
.....##..#...# #.#
##...#...#.# ##.# >
#..........##.#[# .#
#......#.....##.#######
#
#####†##..#............
+.)h##...##.........
#5§@###.###..###.###
#...## #.# #..# #.# #
#...# #.# #..###.###
#...## ...##.......##
#...# ####..8...8..#
#...## #...........
#... #.....8..... ...#
#..>.....<..
#.....8.....


You could see Natasha and a crimson imp (summoned).

Vanquished Creatures
  Natasha (D:2)
  2 adders (D:2)
  2 ball pythons (D:1)
  2 bats
  2 endoplasms (D:1)
  2 giant cockroaches (D:1)
  2 goblins
  4 hobgoblins
  2 kobolds
  2 quokkas
  3 rats
24 creatures vanquished.

Notes
Turn   | Place    | Note
-------+----------+-------------------------------------------
     0 | D:1      | sircluck the Hill Orc Chaos Knight began the quest for the
                  | Orb.
     0 | D:1      | Reached XP level 1. HP: 19/19 MP: 1/1
   157 | D:1      | Found Buiji's Antique Armour Boutique.
   195 | D:1      | Reached XP level 2. HP: 27/27 MP: 2/2
  1078 | D:2      | Noticed Natasha
  1082 | D:2      | XOM: silly message
  1089 | D:2      | Killed Natasha
  1090 | D:2      | Reached skill level 1 in Dodging
  1090 | D:2      | Reached XP level 3. HP: 5/34 MP: 3/3
  1213 | D:2      | Found a basalt altar of Yredelemnul.
  1299 | D:2      | XOM: cast spell 'Alistair's Intoxication'
  1316 | D:2      | Reached skill level 5 in Axes
  1316 | D:2      | Reached XP level 4. HP: 28/41 MP: 4/4
  1446 | D:2      | Noticed Natasha
  1452 | D:2      | XOM: confuse monster(s)
  1457 | D:2      | XOM: noise
  1457 | D:2      | HP: 1/41 [iron imp[Natasha] (8)]
  1459 | D:2      | Slain by Natasha

Illustrated notes

Levels and vault maps discovered:
D:1:      dpeg_arrival_pond, layout_basic, serial_shops, nicolae_shop_trees
D:2:      minmay_razor_zed, layout_loops_ring, basic_altar,
          amcnicky_mini_pool_small, grunt_ministairs_10, uniq_natasha

Skill      XL: |  1  2  3 |
---------------+----------+-----
Fighting       | 4 |  4.3
Dodging        | 1 |  1.1
Axes           | 5 |  5.1
Armour         | |  2.9
Stealth        | |  0.4

Action                     |  1- 3 |  4- 6 || total
---------------------------+-------+-------++-------
  Melee: Hand axe          |    81 |    14 ||    95
         Punch             |     2 |       ||     2
   Stab: Confused          |       |     1 ||     1
 Armour: Leather armour    |    29 |     3 ||    32
  Dodge: Dodged            |    45 |    13 ||    58

Table legend: (Time is in decaauts)
 A = Elapsed time spent in this place.
 B = Non-inter-level travel time spent in this place.
 C = Inter-level travel time spent in this place.
 D = Time resting spent in this place.
 E = Time spent auto-exploring this place.
 F = Levels seen in this place.
 G = Mean time per level.
                   A        B        C        D        E       F      G
               +--------+--------+--------+--------+--------+-----+--------+
         Total |   1476 |   1341 |    135 |      0 |   1120 |   2 |  738.0 |
       Dungeon |   1476 |   1341 |    135 |      0 |   1120 |   2 |  738.0 |
               +--------+--------+--------+--------+--------+-----+--------+

Top non-repeatable levels by time:
     D:1: 975 daAuts
     D:2: 501 daAuts
